 Dungeon Crawl Stone Soup version 0.21.1-1-g345015fe64 (webtiles) character file.

872 Gargoyl the Skirmisher (level 7, -3/60 HPs)
             Began as a Centaur Abyssal Knight on July 16, 2018.
             Was a Believer of Lugonu.
             Killed from afar by a gargoyle (6 damage)
             ... with a stone arrow
             ... on level 6 of the Dungeon.
             The game lasted 00:08:36 (4421 turns).

Gargoyl the Skirmisher (Centaur Abyssal Knight)     Turns: 4421, Time: 00:08:36

Health: -3/60      AC: 14    Str: 17    XL:     7   Next: 74%
Magic:  10/10      EV:  3    Int: 11    God:    Lugonu [**....]
Gold:   296        SH:  3    Dex: 10    Spells: 6/6 levels left

rFire    . . .     SeeInvis +   a - +1 hand axe
rCold    . . .     Gourm    .   v - +0 buckler
rNeg     . . .     Faith    .   h - +0 plate armour
rPois    .         Spirit   .   d - +0 helmet
rElec    +         Reflect  .   x - +2 cloak
rCorr    .         Harm     .   (no gloves)
MR       .....                  (no barding)
Stlth    ..........             o - amulet of magic regeneration
HPRegen  0.20/turn              b - +4 ring of slaying
MPRegen  0.37/turn              u - ring of Tireuzyu {*Corrode rElec Str+2 Slay+2 SInv}

@: very quick
A: large, hooves 3, deformed body, speed 2, tough skin 3
a: Depart the Abyss, Bend Space, Renounce Religion


You were on level 6 of the Dungeon.
You worshipped Lugonu.
Lugonu was pleased with you.
You were not hungry.

You visited 1 branch of the dungeon, and saw 6 of its levels.
You visited the Abyss 1 time.

You collected 296 gold pieces.

Inventory:

Hand Weapons
 a - a +1 hand axe (weapon)
Armour
 d - a +0 helmet (worn)
 h - a +0 plate armour (worn)
 v - a +0 buckler (worn)
 x - a +2 cloak (worn)
Jewellery
 b - a +4 ring of slaying (left hand)
 e - an uncursed ring of ice
 o - an amulet of magic regeneration (around neck)
 r - an uncursed ring of protection from magic
 u - the ring of Tireuzyu (right hand) {*Corrode rElec Str+2 Slay+2 SInv}
   (You found it on level 4 of the Dungeon)

   [ring of strength]

   It affects your strength (+2).
   It affects your accuracy and damage with ranged weapons and melee attacks
   (+2).
   It insulates you from electricity.
   It lets you see invisible.
   It may corrode you when you take damage.
 z - a +3 ring of dexterity {unknown}
Wands
 q - a wand of enslavement (19)
 C - a wand of polymorph (17)
Scrolls
 i - 2 scrolls of fear
 k - a scroll of identify
 n - 2 scrolls of teleportation
 y - a scroll of magic mapping
 A - a scroll of amnesia
 B - 2 scrolls of remove curse
Potions
 f - 2 potions of curing
 g - 6 potions of flight
 j - 2 potions of haste
 l - a potion of invisibility
 m - 2 potions of brilliance
 p - 2 potions of agility
 s - a potion of berserk rage
 t - a potion of heal wounds {unknown}
 w - a potion of degeneration {unknown}
 E - a potion of might {unknown}
Books
 D - a book of Necromancy

   Spells                             Type                      Level
   a - Pain                           Necromancy                   1
   b - Animate Skeleton               Necromancy                   1
   c - Vampiric Draining              Necromancy                   3
   d - Regeneration                   Charms/Necromancy            3
   e - Animate Dead                   Necromancy                   4
   f - Borgnjor's Vile Clutch         Necromancy/Earth             5
Comestibles
 c - 7 rations
 F - 4 chunks of flesh


   Skills:
 + Level 4.6 Fighting
 + Level 4.3 Axes
 * Level 4.3 Armour
 + Level 1.0 Dodging
 + Level 0.8 Shields
 * Level 4.1 Invocations


You had 6 spell levels left.
You didn't know any spells.

Dungeon Overview and Level Annotations

Branches:
Dungeon (6/15)             Temple (0/1) D:6

Altars:
Zin


Innate Abilities, Weirdness & Mutations

You have hooves in place of feet.
Armour fits poorly on your strangely shaped body.
You cover ground very quickly.
You have extremely tough skin. (AC +3)


Message History

Your plate armour prevents you from hitting the gargoyle.
The gargoyle is almost destroyed.
The gargoyle hurls a stone arrow at you.
The stone arrow hits you!
You hit the gargoyle.
You kick the gargoyle, but do no damage.
The gargoyle is almost destroyed.
The gargoyle hurls a stone arrow at you.
The stone arrow hits you!
Ouch! That really hurt!
* * * LOW HITPOINT WARNING * * *
Okay, then.
Okay, then.
Unknown command.
You hit the gargoyle but do no damage.
You kick the gargoyle, but do no damage.
The gargoyle is almost destroyed.
The gargoyle hurls a stone arrow at you.
The stone arrow hits you!
You die...

##############
#............#
#.......####.#
#..###### #.##
#..# #@.# #..#
#9...#
#####..#
#....#
.......#
#....$#
.....###
##....# .....#
....# .....###
##..# ####.#.#
#.# #..#.#


You could see a gargoyle.

Vanquished Creatures
  A water moccasin (D:6)
  2 sky beasts
  A big kobold (D:6)
  A bullfrog (D:6)
  The ghost of AdeptTechnicus the Skirmisher, a weakling HOFi (D:3)
  2 hounds
  2 orc priests
  An iguana (D:6)
  2 orc wizards
  3 worker ants
  5 adders
  4 worms
  A dart slug (D:1)
  3 leopard geckos
  9 orcs
  5 giant cockroaches
  10 goblins
  5 hobgoblins
  13 jackals
  A ball python (D:6)
  5 bats
  2 frilled lizards
  7 kobolds
  A quokka zombie (D:5)
  8 rats
95 creatures vanquished.

Notes
Turn   | Place    | Note
-------+----------+-------------------------------------------
     0 | Abyss:1  | Gargoyl the Centaur Abyssal Knight began the quest for the Orb.
     0 | Abyss:1  | Reached XP level 1. HP: 19/19 MP: 2/2
    24 | Abyss:2  | Found a corrupted altar of Lugonu.
    46 | Abyss:2  | Noticed a raiju
    47 | Abyss:2  | Noticed a raiju
    91 | Abyss:2  | Noticed a large abomination
   103 | Abyss:3  | Found a corrupted altar of Lugonu.
   153 | Abyss:3  | Noticed a long sword of holy wrath
   177 | D:1      | Escaped the Abyss
   376 | D:1      | Reached XP level 2. HP: 19/26 MP: 3/3
   624 | D:1      | Reached * piety under Lugonu
  1015 | D:2      | Reached XP level 3. HP: 33/33 MP: 4/4
  1993 | D:3      | Reached XP level 4. HP: 40/40 MP: 5/5
  2020 | D:3      | Noticed AdeptTechnicus's ghost (weakling HOFi)
  2034 | D:3      | Killed AdeptTechnicus's ghost
  2248 | D:3      | Reached ** piety under Lugonu
  2328 | D:3      | Reached XP level 5. HP: 34/46 MP: 7/7
  2502 | D:3      | Found a glowing silver altar of Zin.
  2790 | D:4      | Got a translucent silver ring
  2792 | D:4      | Identified the ring of Tireuzyu {*Corrode rElec Str+2 Slay+2 SInv} (You found it on level 4 of the Dungeon)
  2864 | D:4      | Reached XP level 6. HP: 41/52 MP: 8/8
  3388 | D:5      | Entered Level 5 of the Dungeon
  3560 | D:5      | Noticed a sky beast
  3567 | D:5      | Killed a sky beast
  3933 | D:6      | Found a staircase to the Ecumenical Temple.
  3936 | D:6      | Noticed a sky beast
  3942 | D:6      | Noticed a water moccasin
  3945 | D:6      | Reached XP level 7. HP: 43/60 MP: 9/9
  3953 | D:6      | Reached skill level 1 in Dodging
  4409 | D:6      | Noticed a gargoyle
  4420 | D:6      | HP: 3/60 [gargoyle/stone arrow (30)]
  4421 | D:6      | Killed from afar by a gargoyle

Skill      XL: |  1  2  3  4  5  6  7 |
---------------+----------------------+-----
Armour         | 2 3 4 |  4.3
Axes           | 2 3 4 |  4.3
Fighting       | 4 |  4.6
Invocations    | 3 4 |  4.1
Dodging        | 1 |  1.0
Shields        | |  0.8

Action                   |  1- 3 |  4- 6 |  7- 9 || total
-------------------------+-------+-------+-------++-------
Melee: Hand axe          |    83 |   106 |    41 ||   230
       Kick              |    12 |    18 |    12 ||    42
Invok: Depart the Abyss  |     1 |       |       ||     1
  Use: Scroll            |     5 |    11 |     2 ||    18
       Potion            |     1 |       |       ||     1
  Eat: Chunk             |     2 |     5 |     1 ||     8
Armor: Plate armour      |    80 |   106 |    38 ||   224
       Leather armour    |     2 |       |       ||     2
Dodge: Dodged            |    10 |     9 |     6 ||    25
Block: Buckler           |       |     6 |     5 ||    11
